Griffins vs Saguenéens (R1)

Created - January 4, 2019 at 19:49

Goals
1 2 3 OT1 SO T
Griffins 0 2 1 0 0 3
Saguenéens 0 2 1 0 1 4
Shots
1 2 3 OT1 SO T
Griffins 12 14 14 0 3 40
Saguenéens 7 16 14 2 3 39

1st period

No Goal

Penalties :
Nathan MacKinnon (Chi) for Hooking (Minor) at 2:39

2nd period

1. Griffins , Brendan Woods 5 (Nicholas Baptiste 2, Petter Granberg 9) at 3:47
2. Saguenéens , Luke Witkowski 23 (Carl Hagelin 34, Juraj Mikus 18) at 3:57
3. Griffins , Sean Monahan 11 (Nathan Gerbe 7, Petr Pohl 31) at 15:12 (PP)
4. Saguenéens , Tobias Rieder 10 (Nathan MacKinnon 21, Craig Cunningham 5) at 16:19

Penalties :
Juraj Mikus (Chi) for Roughing (Minor) at 9:03, Kerby Rychel (Chi) for Hooking (Minor) at 13:20, Nick Mattson (Chi) for Hooking (Minor) at 16:56, Vladislav Namestnikov (Cap) for Interference (Minor) at 19:35

3rd period

5. Saguenéens , Juraj Mikus 13 (Luke Witkowski 32) at 11:27
6. Griffins , Quinton Howden 8 (J.T. Brown 11, Ben Hanowski 17) at 13:45

Penalties :
Dalton Prout (Chi) for Hooking (Minor) at 3:37

Overtime #1

No Goal

Penalties :
No Penalty

Shootout

Griffins, Nathan Gerbe - Shot Misses the Net
Saguenéens, Luke Witkowski - Stopped by Olivier Roy
Griffins, Sean Monahan - Shot Misses the Net
Saguenéens, Carl Hagelin - Stopped by Olivier Roy
Griffins, Ben Hanowski - Shot Misses the Net
Saguenéens, Tobias Rieder - Goal!

Penalties :
No Penalty

Goalie Stats

Olivier Roy (Cap), 36 saves from 39 shots - (0.923), OTL, 7-3-1, 65:00 minutes
Martin Jones (Chi), 37 saves from 40 shots - (0.925), W, 14-9-3, 65:00 minutes

Players Stats for Griffins

Player Name              G  A  P  +/- PIM S  H  SB GA TA FO     MP     PP MP  PK MP  
------------------------------------------------------------------------------------
Anton Slepyshev          0  0  0   1  0   0  1  0  0  0  0/0    11:37   0:05   0:00 
Ben Hanowski             0  1  1  -2  0   3  3  1  1  0  2/4    20:18   4:10   1:25 
Brendan Woods            1  0  1   1  0   2  0  0  1  0  0/0     9:04   0:00   1:25 
Bryan Young              0  0  0  -1  0   1  3  1  0  1  0/0    20:58   0:00   1:04 
J.T. Brown               0  1  1   1  0   5  0  0  0  0  0/0    12:14   0:08   0:34 
Keith Seabrook           0  0  0   0  0   1  0  1  0  1  0/0    20:08   4:00   0:00 
Nathan Gerbe             0  1  1  -1  0   1  2  0  0  1  2/2    22:12   5:33   0:00 
Nathan Oystrick          0  0  0   0  0   2  0  2  0  1  0/0    16:39   0:00   0:55 
Nicholas Baptiste        0  1  1   1  0   2  2  0  0  0  1/1     6:56   0:00   0:00 
Petr Pohl                0  1  1  -1  0   1  8  1  1  0  1/2    22:45   5:33   0:00 
Petter Granberg          0  1  1   0  0   1  6  2  0  1  0/0    22:12   5:48   0:00 
Quinton Howden           1  0  1   1  0   1  0  0  0  1  4/6    12:08   0:00   0:00 
Robert Dome              0  0  0  -2  0   1  4  1  0  0  13/21  19:32   4:10   0:00 
Sean Monahan             1  0  1  -1  0   8  0  1  2  0  16/26  22:50   5:35   0:00 
Simon Despres            0  0  0  -1  0   2  1  2  0  1  0/0    27:55   5:48   0:55 
Ty Wishart               0  0  0   0  0   0  0  1  0  0  0/0    22:08   4:00   1:04 
Tye McGinn               0  0  0  -2  0   7  4  0  2  0  0/0    20:31   4:10   0:34 
Vladislav Namestnikov    0  0  0   1  2   2  1  0  0  0  2/3     7:53   0:00   0:00 

Players Stats for Saguenéens

Player Name              G  A  P  +/- PIM S  H  SB GA TA FO     MP     PP MP  PK MP  
------------------------------------------------------------------------------------
Adam Erne                0  0  0   0  0   0  0  0  0  0  0/0     0:00   0:00   0:00 
Bobby Sanguinetti        0  0  0   0  0   4  2  1  0  0  0/0    28:57   1:14   5:50 
Calle Andersson          0  0  0   0  0   0  0  1  0  0  0/0     4:37   0:00   0:00 
Carl Hagelin             0  1  1   1  0   3  6  2  4  0  0/1    25:10   1:03   5:57 
Craig Cunningham         0  1  1   1  0   1  3  1  0  0  0/0    15:22   0:56   0:43 
Dalton Prout             0  0  0   0  2   4  0  2  1  3  0/0    27:51   1:14   4:29 
Henrik Samuelsson        0  0  0  -1  0   2  0  0  1  0  2/2     6:54   0:00   0:00 
Jerry D'Amigo            0  0  0  -1  0   0  0  2  0  0  0/0     6:54   0:00   0:00 
Juraj Mikus              1  1  2   1  2   3  1  0  0  0  10/29  21:15   1:03   2:42 
Kerby Rychel             0  0  0  -1  2   3  2  0  0  0  0/0     6:53   0:00   0:00 
Luke Witkowski           1  1  2   1  0   6  2  0  1  0  5/12   25:10   1:03   5:57 
Mattias Janmark          0  0  0   0  0   0  0  0  0  0  1/1     1:17   0:00   0:00 
Mike Sauer               0  0  0  -1  0   1  2  0  0  1  0/0    21:00   0:45   3:58 
Mikhail Grigorenko       0  0  0   0  0   1  0  0  0  0  0/0     1:17   0:00   0:00 
Myles Bell               0  0  0   0  0   0  0  0  0  0  0/2     1:21   0:00   1:09 
Nathan MacKinnon         0  1  1   1  2   3  0  0  0  0  4/11   14:27   0:56   0:00 
Nick Mattson             0  0  0   2  2   0  0  0  0  0  0/0    10:52   0:00   0:00 
Nick Paul                0  0  0   0  0   0  0  0  0  0  0/0     0:00   0:00   0:00 
Patrick Sieloff          0  0  0   0  0   0  0  0  0  0  0/0     5:16   0:00   0:39 
Rhett Rakhshani          0  0  0   0  0   2  1  1  0  0  0/1    11:21   0:00   0:00 
Robert Hagg              0  0  0   2  0   0  0  2  0  2  0/0    11:08   0:00   0:42 
Seth Jones               0  0  0  -1  0   1  2  2  0  0  0/0    21:00   0:45   3:58 
Tanner Richard           0  0  0   0  0   0  3  0  0  0  1/4    11:21   0:00   0:00 
Teemu Pulkkinen          0  0  0   0  0   0  0  1  0  0  0/0    11:21   0:00   0:00 
Tobias Rieder            1  0  1   1  0   5  3  0  0  1  1/2    19:23   0:56   3:08 

3 Stars

1 - Luke Witkowski (Chi)
2 - Tobias Rieder (Chi)
3 - Carl Hagelin (Chi)

Power Play

Griffins - 1 on 5 Attempt(s) - 20.00%
Saguenéens - 0 on 1 Attempt(s) - 0.00%

Penalty Kill

Griffins - 1 on 1 Attempt(s) - 100.00% - Score 0 goal in Penalty Kill
Saguenéens - 4 on 5 Attempt(s) - 80.00% - Score 0 goal in Penalty Kill

Team Stat

Griffins - Hits : 35 - Faceoff Wins : 41 - Blocked Shots : 13 - Penalty Minutes : 2
Saguenéens - Hits : 27 - Faceoff Wins : 24 - Blocked Shots : 15 - Penalty Minutes : 10

Official

Referees : Unknown
Linesman : Unknown

Game Notes

No Game Note

Finance

Level 1 -- Attendance: 1352 (67.60%) -- Ticket Income $54,080
Level 2 -- Attendance: 786 (78.60%) -- Ticket Income $15,720
Total Attendance: 2138 (71.27%)
Total Ticket Income: $69,800
Other Income: $3,490
Total Income: $73,290

Griffins

5 vs 5 Forward 
   Center                   Left Wing                Right Wing               Time % Phy DF OF 
 1 Robert Dome              Tye McGinn               Ben Hanowski             35     0   2  3  
 2 Sean Monahan             Nathan Gerbe             Petr Pohl                35     0   2  3  
 3 Quinton Howden           Anton Slepyshev          J.T. Brown               20     0   2  3  
 4 Vladislav Namestnikov    Brendan Woods            Nicholas Baptiste        10     0   2  3  

5 vs 5 Defense 
   Defense                  Defense                                           Time % Phy DF OF 
 1 Simon Despres            Bryan Young                                       40     0   2  3  
 2 Petter Granberg          Ty Wishart                                        30     0   3  2  
 3 Nathan Oystrick          Keith Seabrook                                    20     0   3  2  
 4 Nathan Oystrick          Keith Seabrook                                    10     1   2  2  

PowerPlay Forward 
   Center                   Left Wing                Right Wing               Time % Phy DF OF 
 1 Sean Monahan             Nathan Gerbe             Petr Pohl                60     0   1  4  
 2 Robert Dome              Tye McGinn               Ben Hanowski             40     0   1  4  

PowerPlay Defense
   Defense                  Defense                                           Time % Phy DF OF 
 1 Petter Granberg          Simon Despres                                     60     0   1  4  
 2 Ty Wishart               Keith Seabrook                                    40     0   1  4  

Penalty Kill 4 Players Forward 
   Center                   Wing                     Time % Phy DF OF 
 1 Ben Hanowski             Brendan Woods            60     1   2  2  
 2 Tye McGinn               J.T. Brown               40     1   2  2  

Penalty Kill 4 Players Defense
   Defense                  Defense                  Time % Phy DF OF 
 1 Bryan Young              Ty Wishart               60     1   2  2  
 2 Nathan Oystrick          Simon Despres            40     1   2  2  

Penalty Kill - 3 Players Forward 
   Forward                                           Time % Phy DF OF 
 1 J.T. Brown                                        60     1   2  2  
 2 Brendan Woods                                     40     1   2  2  

Penalty Kill - 3 Players Defense
   Defense                  Defense                  Time % Phy DF OF 
 1 Bryan Young              Ty Wishart               60     1   2  2  
 2 Nathan Oystrick          Simon Despres            40     1   2  2  

4 vs 4 Forward 
   Center                   Wing                     Time % Phy DF OF 
 1 Sean Monahan             Petr Pohl                60     1   2  2  
 2 Robert Dome              Nathan Gerbe             40     1   2  2  

4 vs 4 Defense
   Defense                  Defense                  Time % Phy DF OF 
 1 Simon Despres            Ty Wishart               60     1   2  2  
 2 Bryan Young              Petter Granberg          40     1   2  2  

Last Minutes Offensive
   Center                   Left Wing                Right Wing               Defense                  Defense                  
   Sean Monahan             Nathan Gerbe             Petr Pohl                Simon Despres            Keith Seabrook           

Last Minutes Defensive
   Center                   Left Wing                Right Wing               Defense                  Defense                  
   Tye McGinn               Brendan Woods            J.T. Brown               Bryan Young              Nathan Oystrick          

Goaltenders
Starting : Olivier Roy              
Backup : Jean-Francois Berube     

Extra Forwards
Normal : Petr Pohl, Sean Monahan, Nathan Gerbe - PP : J.T. Brown, Anton Slepyshev - PK : Petr Pohl
Extra Defensemen
Normal : Petter Granberg, Bryan Young, Ty Wishart - PP : Ty Wishart - PK : Keith Seabrook, Petter Granberg
Penalty Shots
Nathan Gerbe, Sean Monahan, Ben Hanowski, Robert Dome, Vladislav Namestnikov

Scratches
Garrett Wilson (Healthy), Tanner Kero (Healthy), Greg McKegg (Healthy), Lucas Lessio (Healthy), Jerome Gauthier-Leduc (Healthy)
Konrad Abeltshauser (Healthy), Tomas Hyka (Healthy), Brian Hart (Healthy), Mirco Mueller (Healthy), Ian McCoshen (Healthy)
Jamie Arniel (Strained Right Knee Injury), Marcus Hogberg (Healthy), Matt Tomkins (Healthy)

Saguenéens

5 vs 5 Forward 
   Center                   Left Wing                Right Wing               Time % Phy DF OF 
 1 Juraj Mikus              Carl Hagelin             Luke Witkowski           40     1   2  2  
 2 Nathan MacKinnon         Craig Cunningham         Tobias Rieder            30     1   2  2  
 3 Tanner Richard           Teemu Pulkkinen          Rhett Rakhshani          20     1   2  2  
 4 Henrik Samuelsson        Kerby Rychel             Jerry D'Amigo            10     1   2  2  

5 vs 5 Defense 
   Defense                  Defense                                           Time % Phy DF OF 
 1 Dalton Prout             Bobby Sanguinetti                                 40     1   2  2  
 2 Seth Jones               Mike Sauer                                        30     1   2  2  
 3 Nick Mattson             Robert Hagg                                       20     1   2  2  
 4 Patrick Sieloff          Calle Andersson                                   10     1   2  2  

PowerPlay Forward 
   Center                   Left Wing                Right Wing               Time % Phy DF OF 
 1 Juraj Mikus              Carl Hagelin             Luke Witkowski           60     1   2  2  
 2 Nathan MacKinnon         Craig Cunningham         Tobias Rieder            40     1   2  2  

PowerPlay Defense
   Defense                  Defense                                           Time % Phy DF OF 
 1 Dalton Prout             Bobby Sanguinetti                                 60     1   2  2  
 2 Seth Jones               Mike Sauer                                        40     1   2  2  

Penalty Kill 4 Players Forward 
   Center                   Wing                     Time % Phy DF OF 
 1 Luke Witkowski           Carl Hagelin             60     1   2  2  
 2 Tobias Rieder            Juraj Mikus              40     1   2  2  

Penalty Kill 4 Players Defense
   Defense                  Defense                  Time % Phy DF OF 
 1 Dalton Prout             Bobby Sanguinetti        60     1   2  2  
 2 Seth Jones               Mike Sauer               40     1   2  2  

Penalty Kill - 3 Players Forward 
   Forward                                           Time % Phy DF OF 
 1 Luke Witkowski                                    60     1   2  2  
 2 Carl Hagelin                                      40     1   2  2  

Penalty Kill - 3 Players Defense
   Defense                  Defense                  Time % Phy DF OF 
 1 Dalton Prout             Bobby Sanguinetti        60     1   2  2  
 2 Seth Jones               Mike Sauer               40     1   2  2  

4 vs 4 Forward 
   Center                   Wing                     Time % Phy DF OF 
 1 Luke Witkowski           Carl Hagelin             60     1   2  2  
 2 Tobias Rieder            Juraj Mikus              40     1   2  2  

4 vs 4 Defense
   Defense                  Defense                  Time % Phy DF OF 
 1 Dalton Prout             Bobby Sanguinetti        60     1   2  2  
 2 Seth Jones               Mike Sauer               40     1   2  2  

Last Minutes Offensive
   Center                   Left Wing                Right Wing               Defense                  Defense                  
   Juraj Mikus              Carl Hagelin             Luke Witkowski           Dalton Prout             Bobby Sanguinetti        

Last Minutes Defensive
   Center                   Left Wing                Right Wing               Defense                  Defense                  
   Juraj Mikus              Carl Hagelin             Luke Witkowski           Dalton Prout             Bobby Sanguinetti        

Goaltenders
Starting : Martin Jones             
Backup : Joe Cannata              

Extra Forwards
Normal : Mattias Janmark, Mikhail Grigorenko, Myles Bell - PP : Mattias Janmark, Mikhail Grigorenko - PK : Myles Bell
Extra Defensemen
Normal : Nick Mattson, Robert Hagg, Patrick Sieloff - PP : Nick Mattson - PK : Robert Hagg, Patrick Sieloff
Penalty Shots
Luke Witkowski, Carl Hagelin, Tobias Rieder, Juraj Mikus, Craig Cunningham

Scratches
Kyle Brodziak (Torso Injury), Dylan Labbe (Healthy)

% Time on Ice - Griffins

Lines # - Real PCT - Wanted PCT - Time Play
Normal Forward
1 - 32% - 35% - 15:15
2 - 30% - 35% - 14:34
3 - 24% - 20% - 11:28
4 - 14% - 10% - 6:56
Normal Defense
1 - 38% - 40% - 18:28
2 - 30% - 30% - 14:18
3 - 22% - 20% - 10:38
4 - 10% - 10% - 4:49
PP Forward
1 - 57% - 60% - 5:38
2 - 43% - 40% - 4:10
PP Defense
1 - 59% - 60% - 5:48
2 - 41% - 40% - 4:00
PK Forward
1 - 71% - 60% - 1:25
2 - 29% - 40% - 0:34
PK Defense
1 - 54% - 60% - 1:04
2 - 46% - 40% - 0:55
PK3 Forward
1 - 0% - 60%
2 - 0% - 40%
PK3 Defense
1 - 0% - 60%
2 - 0% - 40%
44 Forward
1 - 87% - 60% - 4:20
2 - 13% - 40% - 0:40
44 Defense
1 - 61% - 60% - 3:02
2 - 39% - 40% - 1:58
Last Minute Offensive  - 0:00
Last Minute Defensive  - 0:00
Total
Forward - 65:00
Defense - 65:00

% Time on Ice - Saguenéens

Lines # - Real PCT - Wanted PCT - Time Play
Normal Forward
1 - 33% - 40% - 16:00
2 - 29% - 30% - 13:58
3 - 24% - 20% - 11:21
4 - 14% - 10% - 6:54
Normal Defense
1 - 40% - 40% - 19:28
2 - 31% - 30% - 14:50
3 - 19% - 20% - 9:18
4 - 10% - 10% - 4:37
PP Forward
1 - 53% - 60% - 1:03
2 - 47% - 40% - 0:56
PP Defense
1 - 62% - 60% - 1:14
2 - 38% - 40% - 0:45
PK Forward
1 - 68% - 60% - 6:40
2 - 32% - 40% - 3:08
PK Defense
1 - 60% - 60% - 5:50
2 - 40% - 40% - 3:58
PK3 Forward
1 - 0% - 60%
2 - 0% - 40%
PK3 Defense
1 - 0% - 60%
2 - 0% - 40%
44 Forward
1 - 73% - 60% - 3:39
2 - 27% - 40% - 1:21
44 Defense
1 - 71% - 60% - 3:33
2 - 29% - 40% - 1:27
Last Minute Offensive  - 0:00
Last Minute Defensive  - 0:00
Total
Forward - 65:00
Defense - 65:00

Play-by-Play

1st period


0:01 of 1st period - Robert Dome wins face-off versus Juraj Mikus in neutral zone.
0:04 of 1st period - Snap shot by Ben Hanowski.
0:04 of 1st period - Stopped by Martin Jones with a rebound.
0:06 of 1st period - Backhand shot by Simon Despres.
0:06 of 1st period - Shot Misses the Net.
0:25 of 1st period - Craig Cunningham is hit by Petr Pohl and loses puck.
0:50 of 1st period - Simon Despres is hit by Mike Sauer.
0:54 of 1st period - Wrist shot by Anton Slepyshev.
0:54 of 1st period - Shot Blocked by Seth Jones.
1:12 of 1st period - Snap shot by Brendan Woods.
1:12 of 1st period - Deflect By Nicholas Baptiste.
1:12 of 1st period - Shot Misses the Net.
1:12 of 1st period - Puck is out of play.
1:13 of 1st period - Henrik Samuelsson wins face-off versus Sean Monahan in Saguenéens zone.
1:13 of 1st period - Henrik Samuelsson is hit by Petr Pohl.
1:52 of 1st period - Slapshot by Petr Pohl.
1:52 of 1st period - Stopped by Martin Jones with a rebound.
1:54 of 1st period - Slapshot by Nathan Oystrick.
1:54 of 1st period - Deflect By Sean Monahan.
1:54 of 1st period - Shot Blocked by Jerry D'Amigo.
1:54 of 1st period - Puck is out of play.
1:55 of 1st period - Juraj Mikus wins face-off versus Robert Dome in Saguenéens zone.
2:06 of 1st period - Wrist shot by Juraj Mikus.
2:06 of 1st period - Shot Misses the Net.
2:33 of 1st period - Snap shot by J.T. Brown.
2:33 of 1st period - Shot Misses the Net.
2:39 of 1st period - Minor Penalty to Nathan MacKinnon for Hooking.
2:40 of 1st period - Sean Monahan wins face-off versus Luke Witkowski in Saguenéens zone.
4:39 of 1st period - Penalty to Nathan MacKinnon is over, Nathan MacKinnon is back on ice.
5:05 of 1st period - Robert Hagg is hit by Anton Slepyshev and loses puck.
5:10 of 1st period - Snap shot by Anton Slepyshev.
5:10 of 1st period - Shot Blocked by Jerry D'Amigo.
5:12 of 1st period - Snap shot by J.T. Brown.
5:12 of 1st period - Stopped by Martin Jones with a rebound.
5:56 of 1st period - Wrist shot by Ben Hanowski.
5:56 of 1st period - Shot Blocked by Calle Andersson.
6:30 of 1st period - Slapshot by Nathan MacKinnon.
6:30 of 1st period - Stopped by Olivier Roy with a rebound.
6:43 of 1st period - Snap shot by Nathan Gerbe.
6:43 of 1st period - Stopped by Martin Jones with a rebound.
6:45 of 1st period - Wrist shot by Nathan Oystrick.
6:45 of 1st period - Shot Blocked by Bobby Sanguinetti.
6:47 of 1st period - Slapshot by Nathan Oystrick.
6:47 of 1st period - Stopped by Martin Jones with a rebound.
7:23 of 1st period - Wrist shot by Tye McGinn.
7:23 of 1st period - Stopped by Martin Jones with a rebound.
7:41 of 1st period - Nathan Oystrick is hit by Kerby Rychel and loses puck.
8:02 of 1st period - Wrist shot by Vladislav Namestnikov.
8:02 of 1st period - Stopped by Martin Jones without a rebound.
8:03 of 1st period - Vladislav Namestnikov wins face-off versus Nathan MacKinnon in Saguenéens zone.
8:20 of 1st period - Bobby Sanguinetti is hit by Nicholas Baptiste and loses puck.
8:55 of 1st period - Off-side.
8:56 of 1st period - Robert Dome wins face-off versus Juraj Mikus in neutral zone.
9:05 of 1st period - Tye McGinn is hit by Carl Hagelin and loses puck.
9:46 of 1st period - Bobby Sanguinetti is hit by Petr Pohl and loses puck.
10:04 of 1st period - Off-side.
10:05 of 1st period - Robert Dome wins face-off versus Juraj Mikus in neutral zone.
10:37 of 1st period - Sean Monahan is hit by Seth Jones and loses puck.
10:58 of 1st period - Snap shot by J.T. Brown.
10:58 of 1st period - Shot Misses the Net.
11:31 of 1st period - Ty Wishart is hit by Carl Hagelin and loses puck.
12:20 of 1st period - Henrik Samuelsson is hit by Bryan Young and loses puck.
13:54 of 1st period - Wrist shot by Robert Dome.
13:54 of 1st period - Stopped by Martin Jones without a rebound.
13:55 of 1st period - Sean Monahan wins face-off versus Nathan MacKinnon in Saguenéens zone.
14:08 of 1st period - Seth Jones is hit by Petr Pohl and loses puck.
14:31 of 1st period - Wrist shot by Luke Witkowski.
14:31 of 1st period - Stopped by Olivier Roy with a rebound.
14:33 of 1st period - Wrist shot by Carl Hagelin.
14:33 of 1st period - Stopped by Olivier Roy without a rebound.
14:34 of 1st period - Juraj Mikus wins face-off versus Sean Monahan in Griffins zone.
14:57 of 1st period - Dalton Prout is hit by Robert Dome and loses puck.
15:28 of 1st period - Wrist shot by J.T. Brown.
15:28 of 1st period - Deflect By Anton Slepyshev.
15:28 of 1st period - Deflect By Mike Sauer.
15:28 of 1st period - Shot Misses the Net.
15:28 of 1st period - Puck is out of play.
15:29 of 1st period - Robert Dome wins face-off versus Juraj Mikus in Saguenéens zone.
15:32 of 1st period - Snap shot by Robert Dome.
15:32 of 1st period - Shot Hit the Post.
15:34 of 1st period - Slapshot by Petter Granberg.
15:34 of 1st period - Stopped by Martin Jones without a rebound.
15:35 of 1st period - Juraj Mikus wins face-off versus Ben Hanowski in Saguenéens zone.
15:42 of 1st period - Snap shot by Tye McGinn.
15:42 of 1st period - Stopped by Martin Jones with a rebound.
15:44 of 1st period - Snap shot by Robert Dome.
15:44 of 1st period - Shot Misses the Net.
15:46 of 1st period - Snap shot by Simon Despres.
15:46 of 1st period - Shot Blocked by Dalton Prout.
15:59 of 1st period - Bobby Sanguinetti is hit by Tye McGinn and loses puck.
16:08 of 1st period - Simon Despres is hit by Luke Witkowski and loses puck.
16:23 of 1st period - Backhand shot by Tye McGinn.
16:23 of 1st period - Deflect By Robert Dome.
16:23 of 1st period - Shot Blocked by Carl Hagelin.
16:23 of 1st period - Puck is out of play.
16:24 of 1st period - Nathan MacKinnon wins face-off versus Sean Monahan in Saguenéens zone.
16:35 of 1st period - Wrist shot by Nathan MacKinnon.
16:35 of 1st period - Shot Misses the Net.
16:37 of 1st period - Snap shot by Craig Cunningham.
16:37 of 1st period - Shot Misses the Net.
16:39 of 1st period - Slapshot by Bobby Sanguinetti.
16:39 of 1st period - Stopped by Olivier Roy without a rebound.
16:40 of 1st period - Quinton Howden wins face-off versus Rhett Rakhshani in Griffins zone.
16:56 of 1st period - Slapshot by Quinton Howden.
16:56 of 1st period - Shot Blocked by Rhett Rakhshani.
17:06 of 1st period - Dalton Prout is hit by Nicholas Baptiste and loses puck.
17:54 of 1st period - Backhand shot by Tobias Rieder.
17:54 of 1st period - Stopped by Olivier Roy with a rebound.
17:56 of 1st period - Snap shot by Craig Cunningham.
17:56 of 1st period - Shot Misses the Net.
18:10 of 1st period - Wrist shot by Kerby Rychel.
18:10 of 1st period - Stopped by Olivier Roy with a rebound.
18:33 of 1st period - Slapshot by Carl Hagelin.
18:33 of 1st period - Stopped by Olivier Roy with a rebound.
18:45 of 1st period - Craig Cunningham is hit by Nathan Gerbe.
19:09 of 1st period - Jerry D'Amigo is hit by Ben Hanowski and loses puck.
19:24 of 1st period - Nathan Oystrick is hit by Luke Witkowski and loses puck.
19:40 of 1st period - Off-side.
19:41 of 1st period - Nathan MacKinnon wins face-off versus Sean Monahan in neutral zone.
19:55 of 1st period - Wrist shot by Sean Monahan.
19:55 of 1st period - Stopped by Martin Jones with a rebound.
19:57 of 1st period - Snap shot by Petter Granberg.
19:57 of 1st period - Deflect By Sean Monahan.
19:57 of 1st period - Stopped by Martin Jones with a rebound.
Goals for this period are 0 for Griffins vs 0 for Saguenéens.
Shots for this period are 12 for Griffins vs 7 for Saguenéens.

2nd period


0:01 of 2nd period - Juraj Mikus wins face-off versus Robert Dome in neutral zone.
0:06 of 2nd period - Simon Despres is hit by Carl Hagelin and loses puck.
0:49 of 2nd period - Off-side.
0:50 of 2nd period - Quinton Howden wins face-off versus Tanner Richard in neutral zone.
1:21 of 2nd period - Snap shot by Robert Dome.
1:21 of 2nd period - Shot Misses the Net.
1:39 of 2nd period - Slapshot by Nathan MacKinnon.
1:39 of 2nd period - Shot Hit the Post.
1:45 of 2nd period - Snap shot by Sean Monahan.
1:45 of 2nd period - Shot Misses the Net.
1:57 of 2nd period - Snap shot by Brendan Woods.
1:57 of 2nd period - Shot Misses the Net.
1:59 of 2nd period - Snap shot by Vladislav Namestnikov.
1:59 of 2nd period - Shot Blocked by Craig Cunningham.
2:01 of 2nd period - Slapshot by Bryan Young.
2:01 of 2nd period - Stopped by Martin Jones without a rebound.
2:02 of 2nd period - Nicholas Baptiste wins face-off versus Juraj Mikus in Saguenéens zone.
3:01 of 2nd period - Snap shot by Kerby Rychel.
3:01 of 2nd period - Stopped by Olivier Roy with a rebound.
3:39 of 2nd period - Slapshot by Petter Granberg.
3:39 of 2nd period - Shot Misses the Net.
3:45 of 2nd period - Slapshot by Nicholas Baptiste.
3:45 of 2nd period - Stopped by Martin Jones with a rebound.
3:47 of 2nd period - Snap shot by Brendan Woods.
3:47 of 2nd period - Goal by Brendan Woods - Griffins : 1 - Saguenéens : 0.
3:48 of 2nd period - Juraj Mikus wins face-off versus Robert Dome in neutral zone.
3:57 of 2nd period - Snap shot by Luke Witkowski.
3:57 of 2nd period - Goal by Luke Witkowski - Griffins : 1 - Saguenéens : 1.
3:58 of 2nd period - Robert Dome wins face-off versus Juraj Mikus in neutral zone.
4:05 of 2nd period - Wrist shot by Juraj Mikus.
4:05 of 2nd period - Shot Blocked by Robert Dome.
4:07 of 2nd period - Snap shot by Bobby Sanguinetti.
4:07 of 2nd period - Stopped by Olivier Roy without a rebound.
4:08 of 2nd period - Robert Dome wins face-off versus Juraj Mikus in Griffins zone.
4:15 of 2nd period - Slapshot by Luke Witkowski.
4:15 of 2nd period - Stopped by Olivier Roy without a rebound.
4:16 of 2nd period - Sean Monahan wins face-off versus Juraj Mikus in Griffins zone.
4:16 of 2nd period - Sean Monahan is hit by Carl Hagelin.
4:51 of 2nd period - Tobias Rieder is hit by Tye McGinn and loses puck.
4:58 of 2nd period - Snap shot by Ben Hanowski.
4:58 of 2nd period - Stopped by Martin Jones with a rebound.
5:12 of 2nd period - Slapshot by J.T. Brown.
5:12 of 2nd period - Stopped by Martin Jones with a rebound.
5:14 of 2nd period - Slapshot by Keith Seabrook.
5:14 of 2nd period - Shot Blocked by Teemu Pulkkinen.
5:16 of 2nd period - Slapshot by Nathan Oystrick.
5:16 of 2nd period - Shot Blocked by Dalton Prout.
5:18 of 2nd period - Wrist shot by J.T. Brown.
5:18 of 2nd period - Stopped by Martin Jones without a rebound.
5:19 of 2nd period - Sean Monahan wins face-off versus Juraj Mikus in Saguenéens zone.
5:34 of 2nd period - Snap shot by Carl Hagelin.
5:34 of 2nd period - Deflect By Nathan Gerbe.
5:34 of 2nd period - Stopped by Olivier Roy with a rebound.
5:50 of 2nd period - Slapshot by Nathan MacKinnon.
5:50 of 2nd period - Shot Misses the Net.
6:01 of 2nd period - Icing by Keith Seabrook.
6:02 of 2nd period - Tanner Richard wins face-off versus Quinton Howden in Griffins zone.
6:39 of 2nd period - Snap shot by Teemu Pulkkinen.
6:39 of 2nd period - Shot Misses the Net.
6:41 of 2nd period - Slapshot by Dalton Prout.
6:41 of 2nd period - Stopped by Olivier Roy without a rebound.
6:42 of 2nd period - Sean Monahan wins face-off versus Juraj Mikus in Griffins zone.
7:20 of 2nd period - Slapshot by Simon Despres.
7:20 of 2nd period - Stopped by Martin Jones with a rebound.
7:22 of 2nd period - Snap shot by Tye McGinn.
7:22 of 2nd period - Stopped by Martin Jones with a rebound.
7:29 of 2nd period - Icing by Mike Sauer.
7:30 of 2nd period - Henrik Samuelsson wins face-off versus Vladislav Namestnikov in Saguenéens zone.
7:30 of 2nd period - Henrik Samuelsson is hit by Petter Granberg.
7:46 of 2nd period - Slapshot by Petter Granberg.
7:46 of 2nd period - Shot Misses the Net.
8:18 of 2nd period - Seth Jones is hit by Petr Pohl and loses puck.
8:31 of 2nd period - Petr Pohl is hit by Tobias Rieder and loses puck.
9:03 of 2nd period - Minor Penalty to Juraj Mikus for Roughing.
9:04 of 2nd period - Luke Witkowski wins face-off versus Sean Monahan in Saguenéens zone.
9:04 of 2nd period - Luke Witkowski is hit by Petr Pohl.
9:34 of 2nd period - Wrist shot by Nathan Gerbe.
9:34 of 2nd period - Shot Misses the Net.
9:54 of 2nd period - Snap shot by Sean Monahan.
9:54 of 2nd period - Stopped by Martin Jones without a rebound.
9:55 of 2nd period - Robert Dome wins face-off versus Luke Witkowski in Saguenéens zone.
10:33 of 2nd period - Off-side.
10:34 of 2nd period - Sean Monahan wins face-off versus Myles Bell in neutral zone.
11:03 of 2nd period - Penalty to Juraj Mikus is over, Juraj Mikus is back on ice.
11:29 of 2nd period - Wrist shot by Tobias Rieder.
11:29 of 2nd period - Stopped by Olivier Roy without a rebound.
11:30 of 2nd period - Sean Monahan wins face-off versus Nathan MacKinnon in Griffins zone.
11:30 of 2nd period - Sean Monahan is hit by Craig Cunningham.
11:56 of 2nd period - Nathan Oystrick is hit by Kerby Rychel.
12:06 of 2nd period - Wrist shot by Kerby Rychel.
12:06 of 2nd period - Shot Misses the Net.
12:45 of 2nd period - Slapshot by Luke Witkowski.
12:45 of 2nd period - Shot Misses the Net.
13:01 of 2nd period - Slapshot by Tobias Rieder.
13:01 of 2nd period - Deflect By J.T. Brown.
13:01 of 2nd period - Stopped by Olivier Roy with a rebound.
13:20 of 2nd period - Minor Penalty to Kerby Rychel for Hooking.
13:21 of 2nd period - Luke Witkowski wins face-off versus Sean Monahan in Saguenéens zone.
13:39 of 2nd period - Keith Seabrook is hit by Carl Hagelin and loses puck.
13:54 of 2nd period - Slapshot by Simon Despres.
13:54 of 2nd period - Stopped by Martin Jones without a rebound.
13:55 of 2nd period - Tobias Rieder wins face-off versus Robert Dome in Saguenéens zone.
13:55 of 2nd period - Tobias Rieder is hit by Petter Granberg.
14:39 of 2nd period - Tobias Rieder is hit by Tye McGinn and loses puck.
14:44 of 2nd period - Snap shot by Tye McGinn.
14:44 of 2nd period - Stopped by Martin Jones without a rebound.
14:45 of 2nd period - Sean Monahan wins face-off versus Luke Witkowski in Saguenéens zone.
14:56 of 2nd period - Wrist shot by Petr Pohl.
14:56 of 2nd period - Shot Blocked by Carl Hagelin.
14:58 of 2nd period - Snap shot by Sean Monahan.
14:58 of 2nd period - Shot Misses the Net.
15:00 of 2nd period - Snap shot by Sean Monahan.
15:00 of 2nd period - Stopped by Martin Jones without a rebound.
15:01 of 2nd period - Sean Monahan wins face-off versus Luke Witkowski in Saguenéens zone.
15:12 of 2nd period - Wrist shot by Sean Monahan.
15:12 of 2nd period - Goal by Sean Monahan - Griffins : 2 - Saguenéens : 1.
15:13 of 2nd period - Juraj Mikus wins face-off versus Robert Dome in neutral zone.
15:13 of 2nd period - Juraj Mikus is hit by Ben Hanowski.
15:18 of 2nd period - Bobby Sanguinetti is hit by Simon Despres and loses puck.
15:21 of 2nd period - Snap shot by Luke Witkowski.
15:21 of 2nd period - Stopped by Olivier Roy without a rebound.
15:22 of 2nd period - Robert Dome wins face-off versus Juraj Mikus in Griffins zone.
15:27 of 2nd period - Snap shot by Carl Hagelin.
15:27 of 2nd period - Shot Blocked by Ben Hanowski.
15:29 of 2nd period - Slapshot by Dalton Prout.
15:29 of 2nd period - Stopped by Olivier Roy with a rebound.
15:31 of 2nd period - Snap shot by Dalton Prout.
15:31 of 2nd period - Stopped by Olivier Roy with a rebound.
15:33 of 2nd period - Backhand shot by Bobby Sanguinetti.
15:33 of 2nd period - Shot Blocked by Bryan Young.
15:53 of 2nd period - Wrist shot by Luke Witkowski.
15:53 of 2nd period - Stopped by Olivier Roy without a rebound.
15:54 of 2nd period - Sean Monahan wins face-off versus Nathan MacKinnon in Griffins zone.
15:54 of 2nd period - Sean Monahan is hit by Craig Cunningham.
16:02 of 2nd period - Slapshot by Sean Monahan.
16:02 of 2nd period - Stopped by Martin Jones without a rebound.
16:03 of 2nd period - Nathan MacKinnon wins face-off versus Sean Monahan in Saguenéens zone.
16:19 of 2nd period - Wrist shot by Tobias Rieder.
16:19 of 2nd period - Goal by Tobias Rieder - Griffins : 2 - Saguenéens : 2.
16:20 of 2nd period - Juraj Mikus wins face-off versus Robert Dome in neutral zone.
16:54 of 2nd period - Sean Monahan is hit by Tobias Rieder and loses puck.
16:56 of 2nd period - Minor Penalty to Nick Mattson for Hooking.
16:57 of 2nd period - Luke Witkowski wins face-off versus Sean Monahan in Saguenéens zone.
16:57 of 2nd period - Luke Witkowski is hit by Petter Granberg.
17:09 of 2nd period - Snap shot by Luke Witkowski.
17:09 of 2nd period - Stopped by Olivier Roy without a rebound.
17:10 of 2nd period - Nathan Gerbe wins face-off versus Luke Witkowski in Griffins zone.
17:35 of 2nd period - Luke Witkowski is hit by Petter Granberg and loses puck.
17:54 of 2nd period - Slapshot by Bobby Sanguinetti.
17:54 of 2nd period - Stopped by Olivier Roy without a rebound.
17:55 of 2nd period - Nathan Gerbe wins face-off versus Tobias Rieder in Griffins zone.
18:00 of 2nd period - Slapshot by Seth Jones.
18:00 of 2nd period - Shot Blocked by Petr Pohl.
18:02 of 2nd period - Snap shot by Juraj Mikus.
18:02 of 2nd period - Shot Blocked by Petter Granberg.
18:04 of 2nd period - Slapshot by Juraj Mikus.
18:04 of 2nd period - Stopped by Olivier Roy without a rebound.
18:05 of 2nd period - Luke Witkowski wins face-off versus Sean Monahan in Griffins zone.
18:56 of 2nd period - Penalty to Nick Mattson is over, Nick Mattson is back on ice.
19:08 of 2nd period - Snap shot by Juraj Mikus.
19:08 of 2nd period - Shot Misses the Net.
19:35 of 2nd period - Minor Penalty to Vladislav Namestnikov for Interference.
19:36 of 2nd period - Ben Hanowski wins face-off versus Juraj Mikus in Griffins zone.
Goals for this period are 2 for Griffins vs 2 for Saguenéens.
Shots for this period are 14 for Griffins vs 16 for Saguenéens.

3rd period


0:01 of 3rd period - Juraj Mikus wins face-off versus Ben Hanowski in neutral zone.
0:46 of 3rd period - Snap shot by J.T. Brown.
0:46 of 3rd period - Stopped by Martin Jones without a rebound.
0:47 of 3rd period - Ben Hanowski wins face-off versus Juraj Mikus in Saguenéens zone.
1:35 of 3rd period - Penalty to Vladislav Namestnikov is over, Vladislav Namestnikov is back on ice.
2:53 of 3rd period - Slapshot by Sean Monahan.
2:53 of 3rd period - Stopped by Martin Jones with a rebound.
2:55 of 3rd period - Wrist shot by Sean Monahan.
2:55 of 3rd period - Shot Misses the Net.
3:11 of 3rd period - Wrist shot by Henrik Samuelsson.
3:11 of 3rd period - Stopped by Olivier Roy with a rebound.
3:13 of 3rd period - Wrist shot by Henrik Samuelsson.
3:13 of 3rd period - Shot Blocked by Nathan Oystrick.
3:15 of 3rd period - Slapshot by Robert Hagg.
3:15 of 3rd period - Shot Blocked by Keith Seabrook.
3:26 of 3rd period - Keith Seabrook is hit by Bobby Sanguinetti and loses puck.
3:37 of 3rd period - Minor Penalty to Dalton Prout for Hooking.
3:38 of 3rd period - Sean Monahan wins face-off versus Luke Witkowski in Saguenéens zone.
4:07 of 3rd period - Robert Hagg is hit by Tye McGinn and loses puck.
4:49 of 3rd period - Icing by Sean Monahan.
4:50 of 3rd period - Sean Monahan wins face-off versus Myles Bell in Griffins zone.
5:37 of 3rd period - Penalty to Dalton Prout is over, Dalton Prout is back on ice.
5:39 of 3rd period - Petter Granberg is hit by Mike Sauer and loses puck.
5:48 of 3rd period - Wrist shot by Carl Hagelin.
5:48 of 3rd period - Shot Misses the Net.
5:50 of 3rd period - Slapshot by Dalton Prout.
5:50 of 3rd period - Shot Blocked by Petter Granberg.
5:52 of 3rd period - Snap shot by Dalton Prout.
5:52 of 3rd period - Stopped by Olivier Roy without a rebound.
5:53 of 3rd period - Robert Dome wins face-off versus Nathan MacKinnon in Griffins zone.
5:58 of 3rd period - Snap shot by Ben Hanowski.
5:58 of 3rd period - Shot Misses the Net.
6:00 of 3rd period - Slapshot by Nathan Oystrick.
6:00 of 3rd period - Shot Blocked by Robert Hagg.
6:02 of 3rd period - Slapshot by Nathan Oystrick.
6:02 of 3rd period - Shot Misses the Net.
6:04 of 3rd period - Snap shot by Ben Hanowski.
6:04 of 3rd period - Shot Misses the Net.
6:06 of 3rd period - Backhand shot by Tye McGinn.
6:06 of 3rd period - Stopped by Martin Jones with a rebound.
6:08 of 3rd period - Wrist shot by Tye McGinn.
6:08 of 3rd period - Shot Misses the Net.
6:18 of 3rd period - Nathan Oystrick is hit by Rhett Rakhshani and loses puck.
6:25 of 3rd period - Wrist shot by Rhett Rakhshani.
6:25 of 3rd period - Stopped by Olivier Roy with a rebound.
6:41 of 3rd period - Bobby Sanguinetti is hit by Vladislav Namestnikov and loses puck.
6:46 of 3rd period - Snap shot by Keith Seabrook.
6:46 of 3rd period - Stopped by Martin Jones with a rebound.
6:48 of 3rd period - Wrist shot by Nathan Oystrick.
6:48 of 3rd period - Stopped by Martin Jones with a rebound.
6:52 of 3rd period - Slapshot by Nicholas Baptiste.
6:52 of 3rd period - Stopped by Martin Jones without a rebound.
6:53 of 3rd period - Petr Pohl wins face-off versus Juraj Mikus in Saguenéens zone.
7:04 of 3rd period - Slapshot by Mike Sauer.
7:04 of 3rd period - Stopped by Olivier Roy with a rebound.
7:18 of 3rd period - Snap shot by Tanner Richard.
7:18 of 3rd period - Shot Misses the Net.
7:44 of 3rd period - Off-side.
7:45 of 3rd period - Robert Dome wins face-off versus Juraj Mikus in neutral zone.
7:52 of 3rd period - Dalton Prout is hit by Ben Hanowski and loses puck.
7:56 of 3rd period - Off-side.
7:57 of 3rd period - Robert Dome wins face-off versus Juraj Mikus in neutral zone.
8:22 of 3rd period - Bobby Sanguinetti is hit by Petter Granberg and loses puck.
9:26 of 3rd period - Slapshot by Henrik Samuelsson.
9:26 of 3rd period - Stopped by Olivier Roy with a rebound.
9:28 of 3rd period - Slapshot by Dalton Prout.
9:28 of 3rd period - Shot Blocked by Nathan Oystrick.
9:32 of 3rd period - Snap shot by Jerry D'Amigo.
9:32 of 3rd period - Shot Misses the Net.
9:34 of 3rd period - Wrist shot by Kerby Rychel.
9:34 of 3rd period - Shot Misses the Net.
10:28 of 3rd period - Snap shot by Brendan Woods.
10:28 of 3rd period - Stopped by Martin Jones without a rebound.
10:29 of 3rd period - Vladislav Namestnikov wins face-off versus Juraj Mikus in Saguenéens zone.
10:44 of 3rd period - Snap shot by Vladislav Namestnikov.
10:44 of 3rd period - Stopped by Martin Jones without a rebound.
10:45 of 3rd period - Robert Dome wins face-off versus Nathan MacKinnon in Saguenéens zone.
10:46 of 3rd period - Snap shot by Ben Hanowski.
10:46 of 3rd period - Stopped by Martin Jones without a rebound.
10:47 of 3rd period - Nathan MacKinnon wins face-off versus Robert Dome in Saguenéens zone.
10:58 of 3rd period - Wrist shot by Tye McGinn.
10:58 of 3rd period - Shot Blocked by Seth Jones.
11:00 of 3rd period - Slapshot by Bryan Young.
11:00 of 3rd period - Shot Misses the Net.
11:02 of 3rd period - Snap shot by Tye McGinn.
11:02 of 3rd period - Stopped by Martin Jones with a rebound.
11:14 of 3rd period - Icing by Bryan Young.
11:15 of 3rd period - Juraj Mikus wins face-off versus Petr Pohl in Griffins zone.
11:21 of 3rd period - Off-side.
11:22 of 3rd period - Juraj Mikus wins face-off versus Robert Dome in neutral zone.
11:27 of 3rd period - Wrist shot by Juraj Mikus.
11:27 of 3rd period - Goal by Juraj Mikus - Griffins : 2 - Saguenéens : 3.
11:28 of 3rd period - Sean Monahan wins face-off versus Juraj Mikus in neutral zone.
11:55 of 3rd period - Robert Dome is hit by Craig Cunningham and loses puck.
12:02 of 3rd period - Wrist shot by Nathan MacKinnon.
12:02 of 3rd period - Stopped by Olivier Roy with a rebound.
12:04 of 3rd period - Snap shot by Seth Jones.
12:04 of 3rd period - Shot Blocked by Simon Despres.
12:06 of 3rd period - Wrist shot by Nathan MacKinnon.
12:06 of 3rd period - Stopped by Olivier Roy with a rebound.
13:12 of 3rd period - Wrist shot by Brendan Woods.
13:12 of 3rd period - Shot Misses the Net.
13:43 of 3rd period - Snap shot by J.T. Brown.
13:43 of 3rd period - Stopped by Martin Jones with a rebound.
13:45 of 3rd period - Wrist shot by Quinton Howden.
13:45 of 3rd period - Goal by Quinton Howden - Griffins : 3 - Saguenéens : 3.
13:46 of 3rd period - Sean Monahan wins face-off versus Juraj Mikus in neutral zone.
14:11 of 3rd period - Robert Dome is hit by Tobias Rieder and loses puck.
14:18 of 3rd period - Snap shot by Tobias Rieder.
14:18 of 3rd period - Shot Misses the Net.
14:20 of 3rd period - Wrist shot by Nathan MacKinnon.
14:20 of 3rd period - Shot Blocked by Simon Despres.
14:38 of 3rd period - Wrist shot by J.T. Brown.
14:38 of 3rd period - Shot Blocked by Robert Hagg.
14:44 of 3rd period - Nathan Oystrick is hit by Tanner Richard and loses puck.
15:03 of 3rd period - Wrist shot by Kerby Rychel.
15:03 of 3rd period - Stopped by Olivier Roy without a rebound.
15:04 of 3rd period - Robert Dome wins face-off versus Carl Hagelin in Griffins zone.
15:04 of 3rd period - Robert Dome is hit by Carl Hagelin.
15:30 of 3rd period - Petter Granberg is hit by Tanner Richard and loses puck.
15:41 of 3rd period - Snap shot by Rhett Rakhshani.
15:41 of 3rd period - Stopped by Olivier Roy with a rebound.
15:57 of 3rd period - Dalton Prout is hit by Petr Pohl.
16:39 of 3rd period - Slapshot by Luke Witkowski.
16:39 of 3rd period - Shot Misses the Net.
16:59 of 3rd period - Rhett Rakhshani is hit by Petr Pohl and loses puck.
17:19 of 3rd period - Icing by Petr Pohl.
17:20 of 3rd period - Sean Monahan wins face-off versus Nathan MacKinnon in Griffins zone.
17:34 of 3rd period - Snap shot by Craig Cunningham.
17:34 of 3rd period - Stopped by Olivier Roy without a rebound.
17:35 of 3rd period - Quinton Howden wins face-off versus Tanner Richard in Griffins zone.
17:52 of 3rd period - Anton Slepyshev is hit by Tanner Richard.
18:02 of 3rd period - Bobby Sanguinetti is hit by Bryan Young.
18:10 of 3rd period - Luke Witkowski is hit by Robert Dome and loses puck.
18:25 of 3rd period - Slapshot by Sean Monahan.
18:25 of 3rd period - Stopped by Martin Jones with a rebound.
18:33 of 3rd period - Slapshot by Seth Jones.
18:33 of 3rd period - Deflect By Nathan Gerbe.
18:33 of 3rd period - Stopped by Olivier Roy with a rebound.
18:35 of 3rd period - Wrist shot by Juraj Mikus.
18:35 of 3rd period - Stopped by Olivier Roy without a rebound.
18:36 of 3rd period - Quinton Howden wins face-off versus Tanner Richard in Griffins zone.
18:41 of 3rd period - Slapshot by Quinton Howden.
18:41 of 3rd period - Shot Hit the Post.
19:01 of 3rd period - Rhett Rakhshani is hit by Petter Granberg and loses puck.
19:06 of 3rd period - Snap shot by Tye McGinn.
19:06 of 3rd period - Stopped by Martin Jones with a rebound.
19:18 of 3rd period - Wrist shot by Tanner Richard.
19:18 of 3rd period - Shot Misses the Net.
19:40 of 3rd period - Snap shot by Bobby Sanguinetti.
19:40 of 3rd period - Deflect By Petr Pohl.
19:40 of 3rd period - Stopped by Olivier Roy with a rebound.
Goals for this period are 1 for Griffins vs 1 for Saguenéens.
Shots for this period are 14 for Griffins vs 14 for Saguenéens.

Overtime #1


0:01 of 1st overtime period - Sean Monahan wins face-off versus Luke Witkowski in neutral zone.
0:53 of 1st overtime period - Seth Jones is hit by Robert Dome and loses puck.
1:22 of 1st overtime period - Petter Granberg is hit by Bobby Sanguinetti and loses puck.
2:23 of 1st overtime period - Nick Mattson is hit by Nathan Gerbe.
2:27 of 1st overtime period - Petter Granberg is hit by Juraj Mikus.
2:56 of 1st overtime period - Quinton Howden is hit by Seth Jones.
3:24 of 1st overtime period - Slapshot by Mike Sauer.
3:24 of 1st overtime period - Deflect By Mattias Janmark.
3:24 of 1st overtime period - Shot Misses the Net.
3:24 of 1st overtime period - Puck is out of play.
3:25 of 1st overtime period - Mattias Janmark wins face-off versus Quinton Howden in Griffins zone.
3:26 of 1st overtime period - Snap shot by Mikhail Grigorenko.
3:26 of 1st overtime period - Stopped by Olivier Roy with a rebound.
3:28 of 1st overtime period - Snap shot by Mikhail Grigorenko.
3:28 of 1st overtime period - Shot Blocked by Ty Wishart.
3:54 of 1st overtime period - Nick Mattson is hit by Bryan Young and loses puck.
4:14 of 1st overtime period - Snap shot by Tobias Rieder.
4:14 of 1st overtime period - Stopped by Olivier Roy with a rebound.
4:16 of 1st overtime period - Slapshot by Robert Hagg.
4:16 of 1st overtime period - Deflect By Tobias Rieder.
4:16 of 1st overtime period - Shot Blocked by Sean Monahan.
4:16 of 1st overtime period - Puck is out of play.
4:17 of 1st overtime period - Luke Witkowski wins face-off versus Sean Monahan in Griffins zone.
4:28 of 1st overtime period - Carl Hagelin is hit by Robert Dome and loses puck.
4:51 of 1st overtime period - Snap shot by Juraj Mikus.
4:51 of 1st overtime period - Shot Misses the Net.
Goals for this period are 0 for Griffins vs 0 for Saguenéens.
Shots for this period are 0 for Griffins vs 2 for Saguenéens.

ShootOut


5:00 of 1st overtime period - Round #1.
5:00 of 1st overtime period - Griffins, Nathan Gerbe.
5:00 of 1st overtime period - Wrist shot by Nathan Gerbe.
5:00 of 1st overtime period - Shot Misses the Net.
5:00 of 1st overtime period - Saguenéens, Luke Witkowski.
5:00 of 1st overtime period - Snap shot by Luke Witkowski.
5:00 of 1st overtime period - Stopped by Olivier Roy.
5:00 of 1st overtime period - Round #2.
5:00 of 1st overtime period - Griffins, Sean Monahan.
5:00 of 1st overtime period - Wrist shot by Sean Monahan.
5:00 of 1st overtime period - Shot Misses the Net.
5:00 of 1st overtime period - Saguenéens, Carl Hagelin.
5:00 of 1st overtime period - Wrist shot by Carl Hagelin.
5:00 of 1st overtime period - Stopped by Olivier Roy.
5:00 of 1st overtime period - Round #3.
5:00 of 1st overtime period - Griffins, Ben Hanowski.
5:00 of 1st overtime period - Backhand shot by Ben Hanowski.
5:00 of 1st overtime period - Shot Misses the Net.
5:00 of 1st overtime period - Saguenéens, Tobias Rieder.
5:00 of 1st overtime period - Snap shot by Tobias Rieder.
5:00 of 1st overtime period - Goal by Tobias Rieder.